 Dungeon Crawl Stone Soup version 0.32-a0-136-gc02482bde3 (webtiles) character file.

Game seed: 11487972601555207635

109169 cforsyth the Warrior (level 17, -21/145 HPs)
             Began as a Djinni Hexslinger on Feb 10, 2024.
             Was the Champion of the Shining One.
             Demolished by Asterion
             ... wielding a +1 spectral morningstar
              (30 damage)
             ... on level 3 of the Snake Pit.
             The game lasted 01:13:21 (30612 turns).

cforsyth the Warrior (Djinni Hexslinger)           Turns: 30612, Time: 01:13:21

Health: -21/145    AC: 11    Str:  7    XL:     17   Next: 6%
Gold:   1694       EV: 11    Int: 25    God:    the Shining One [******] SH:  0 Dex: 16

rFire   + + .        a - staff of air {!a}
rCold   + . .        (no shield)
rNeg    + + +        l - +0 troll leather armour
rPois   ∞            x - +2 hat
rElec   +            g - +0 cloak
rCorr   +            S - +4 pair of gloves of the Snake Pit {Slay+3}
SInv    +            (boots unavailable)
Will    +....        E - amulet of regeneration
Stlth   +            i - ring "Istrez" {rC++ rCorr Int+4 Dex-2}
HPRegen 2.04/turn    v - ring of see invisible
MPRegen 0.00/turn

%: infuse magic (-22 HP)
@: flying, glowing
A: sickness immunity, fire resistance 2, cold vulnerability 1, float, innate
caster, HP casting, extra vitality 1
a: Renounce Religion, Divine Shield, Cleansing Flame, Summon Divine Warrior,
Brand Weapon With Holy Wrath


You were on level 3 of the Snake Pit.
You worshipped the Shining One.
The Shining One was exalted by your worship.
You visited 5 branches of the dungeon, and saw 26 of its levels.

You collected 1919 gold pieces.
You spent 225 gold pieces at shops.


Innate Abilities, Weirdness & Mutations

You are immune to sickness and miasma.
You are immune to poison.
Your flesh is very heat resistant. (rF++)
You are vulnerable to cold. (rC-)
You float through the air rather than walking.
You learn spells naturally, not from books.
Your magical power is your life essence.
You have superior vitality. (+4 MHP)


   Skills:
 + Level 20.7 Fighting
 - Level 1.5 Ranged Weapons
 - Level 2.1 Dodging
 + Level 16.1 Spellcasting
 + Level 16.1 Conjurations
 + Level 16.1 Hexes
 + Level 16.1 Summonings
 + Level 16.1 Necromancy
 + Level 16.1 Translocations
 + Level 16.1 Fire Magic
 + Level 16.1 Ice Magic
 + Level 16.1 Air Magic
 + Level 16.1 Earth Magic
 + Level 16.1 Alchemy


You knew the following spells:

 Your Spells              Type           Power      Damage    Failure   Level
a - Curse of Agony        Necr           79%        N/A       1%          5
c - Cause Fear            Hex            39%        N/A       1%          4
d - Orb of Destruction    Conj           39%        9d11      4%          7
f - Inner Flame           Hex/Fire       79%        N/A       0%          3
g - Gell's Gravitas       Tloc           79%        N/A       0%          3
i - Irradiate             Conj/Alch      39%        3d24      1%          5
r - Frozen Ramparts       Ice            100%       1d16      0%          3
s - Sculpt Simulacrum     Ice/Alch       39%        N/A       1%          6
t - Static Discharge      Conj/Air       100%       3-8/arc   0%          2
z - Shock                 Conj/Air       100%       1d9       0%          1
X - Jinxbite              Hex            100%       N/A       0%          2
Y - Sigil of Binding      Hex            79%        N/A       0%          3
Z - Dimensional Bullseye  Hex/Tloc       39%        N/A       1%          4
Your spell library was empty.

Inventory:

Armour
 g - a +0 cloak (worn)
 l - a +0 troll leather armour (worn)
 s - a +1 robe of willpower
 x - a +2 hat (worn)
 S - the +4 pair of gloves of the Snake Pit (worn) {Slay+3}
   (You found it on level 5 of the Lair of Beasts)

   Slay+3:    It affects your accuracy & damage with ranged weapons and melee
   (+3).
Magical Staves
 a - a staff of air (weapon) {!a}
Jewellery
 i - the ring "Istrez" (left hand) {rC++ rCorr Int+4 Dex-2}
   (You found it on level 1 of the Orcish Mines)

   [ring of resist corrosion]

   Int+4:     It affects your intelligence (+4).
   Dex-2:     It affects your dexterity (-2).
   rC++:      It greatly protects you from cold.
   rCorr:     It protects you from acid and corrosion.
 v - a ring of see invisible (right hand)
 E - an amulet of regeneration (around neck)
 I - a +6 ring of intelligence
Wands
 r - a wand of paralysis (23)
 A - a wand of quicksilver (8)
 D - a wand of roots (18)
 K - a wand of flame (60)
 M - a wand of polymorph (4)
 N - a wand of digging (11)
 P - a wand of mindburst (6)
Scrolls
 b - 5 scrolls of poison
 d - 3 scrolls of enchant weapon
 n - 3 scrolls of blinking
 o - 5 scrolls of immolation
 q - 6 scrolls of noise
 t - 5 scrolls of revelation
 u - a scroll of fear
 w - 9 scrolls of teleportation {@r2}
 G - a scroll of vulnerability
 H - 4 scrolls of fog
 L - a scroll of summoning
 O - a scroll of silence {unknown}
Potions
 c - 2 potions of ambrosia
 e - 4 potions of haste {@q3}
 f - 4 potions of lignification
 h - 2 potions of mutation
 j - 8 potions of heal wounds {@q2}
 k - 9 potions of curing {@q1}
 m - 3 potions of cancellation
 p - 5 potions of attraction
 z - 6 potions of brilliance
 B - 3 potions of resistance
 C - a potion of invisibility
 F - 2 potions of enlightenment
 J - a potion of berserk rage {!q}
Miscellaneous
 y - a box of beasts

Dungeon Overview and Level Annotations

Branches:
Dungeon (15/15)            Temple (1/1) D:5            Lair (5/5) D:10
 Shoals (0/4) Lair:2        Snake (3/4) Lair:3        Slime (0/5) Lair:4
    Orc (2/2) D:11            Elf (0/3) Orc:2        Vaults (0/5) D:14
 Depths (0/4) D:15

Altars:
Ashenzari
Cheibriados
Dithmenos
Elyvilon
Fedhas
Gozag
Hepliaklqana
Makhleb
Nemelex Xobeh
Okawaru
Qazlal
Ru
Trog
Uskayaw
Wu Jian
Xom
Yredelemnul
Zin
The Shining One
Jiyva

Shops:
D:5 *(?!=   D:14 [   Orc:2 ?(=[!

Annotations:
Lair:5 2 transporters, yleetSyT's ghost, journeyman BaIE
Snake:3 Asterion

. ▒▒....[▒▒
▒▒.......▒▒
▒..▒▒▒▒▒..▒
▒▒.▒▒...▒▒.▒▒
▒...........▒
▒▒▒▒▒▒▒..▒.....▒..▒
▒▒.♣.▒▒..▒▒..[).▒▒..
▒..{..▒..▒..))...▒..
▒♣.@H.'..▒...<...▒..
▒.....▒.)▒.......▒..
▒▒.♣.▒▒..▒▒.♣.♣.▒▒2.
▒▒▒▒▒▒▒..▒.....▒.H▒
▒...........▒
▒▒.▒▒...▒▒.▒▒
▒.2▒▒▒▒▒..▒
▒▒.......▒▒
▒▒...).▒▒


You could see Asterion (fast, inner flame) and a +1 spectral morningstar.


Message History

Press: ? - help, Shift-Dir - straight line, f/p - Asterion
Aim: Asterion, wielding a +1 spectral morningstar, wearing a +0 scale mail and wearing a +0 kite shield (fast, inner flame, haloed, 100% to hit)
You feel a surge of power!
The zap hits Asterion.
Flame seeps out of Asterion.
Asterion is lightly wounded.
Asterion is engulfed in blazing flames.
Flame seeps out of Asterion.
Asterion closely misses you. The +1 spectral morningstar hits you!!
Asterion gores you.
A +1 spectral morningstar comes into view.
The +1 spectral morningstar disappears.
Asterion attacks as he pursues you!
Asterion hits you with a +1 spectral morningstar!!
The +1 spectral morningstar hits you. Asterion gores you!
* * * LOW HITPOINT WARNING * * *
Asterion barely misses you. The +1 spectral morningstar hits you.
* * * LOW HITPOINT WARNING * * *
Asterion gores you.
* * * LOW HITPOINT WARNING * * *
A +1 spectral morningstar comes into view.
There is an open door here.
Unknown command.
The +1 spectral morningstar disappears.
Asterion attacks as he pursues you!
Asterion hits you with a +1 spectral morningstar!!!
* * * LOW HITPOINT WARNING * * *
The +1 spectral morningstar hits you!!
* * * LOW HITPOINT WARNING * * *
Asterion gores you.
* * * LOW HITPOINT WARNING * * *
Asterion hits you with a +1 spectral morningstar!!
You die...
Asterion screams, "The power of Makhleb!"

Skill      XL: |  1  2  3  4  5  6  7  8  9 10 11 12 13 14 15 16 |
---------------+-------------------------------------------------+-----
Spellcasting   | 3 4 5 6 7 8 10 11 12 14 15 16 | 16.1
Conjurations   | 3 4 5 6 7 8 10 11 12 14 15 16 | 16.1
Hexes          | 3 4 5 6 7 8 10 11 12 14 15 16 | 16.1
Summonings     | 3 4 5 6 7 8 10 11 12 14 15 16 | 16.1
Necromancy     | 3 4 5 6 7 8 10 11 12 14 15 16 | 16.1
Translocations | 3 4 5 6 7 8 10 11 12 14 15 16 | 16.1
Fire Magic     | 3 4 5 6 7 8 10 11 12 14 15 16 | 16.1
Ice Magic      | 3 4 5 6 7 8 10 11 12 14 15 16 | 16.1
Air Magic      | 3 4 5 6 7 8 10 11 12 14 15 16 | 16.1
Earth Magic    | 3 4 5 6 7 8 10 11 12 14 15 16 | 16.1
Alchemy        | 3 4 5 6 7 8 10 11 12 14 15 16 | 16.1
Fighting       | 2 3 4 6 7 9 11 13 14 16 17 19 20 | 20.7
Ranged Weapons | |  1.5
Dodging        | |  2.1

Action                     |  1- 3 |  4- 6 |  7- 9 | 10-12 | 13-15 | 16-18 || total
---------------------------+-------+-------+-------+-------+-------+-------++-------
  Melee: Staff             |       |       |       |     2 |     5 |       ||     7
   Fire: Sling             |    53 |     3 |     3 |     5 |       |       ||    64
   Cast: Shock             |     7 |    75 |   110 |   243 |   634 |   281 ||  1350
         Inner Flame       |     1 |    41 |    61 |   122 |   243 |    90 ||   558
         Frozen Ramparts   |       |       |     1 |    12 |    21 |     6 ||    40
         Irradiate         |       |       |       |     9 |    64 |    18 ||    91
         Cause Fear        |       |       |       |       |     4 |       ||     4
         Static Discharge  |       |       |       |       |     1 |       ||     1
  Evoke: Wand              |       |       |       |     1 |     1 |       ||     2
    Use: Scroll            |       |       |     9 |    12 |     7 |     2 ||    30
         Potion            |       |       |       |       |     2 |       ||     2
 Armour: Robe              |    36 |    28 |    28 |   187 |   250 |       ||   529
         Troll leather arm |       |       |       |       |   267 |   284 ||   551
  Dodge: Dodged            |    46 |    19 |     9 |    97 |   190 |   100 ||   461

Levels and vault maps discovered:
D:1:      dpeg_arrival_long_road, layout_basic,
          nicolae_ecumenical_snake_handling, glass_columns_b, st_stairs_11,
          minmay_splitting_lines
D:2:      layout_basic, serial_undead, serial_undead_d, serial_undead_f,
          serial_undead_c, serial_undead_c, serial_undead_e, serial_undead_e,
          serial_undead_e, serial_undead_d
D:3:      minmay_bubble_buster, layout_rooms, chei_slow_surprise,
          minmay_misc_feat_tower
D:4:      layout_cave_pools, mainiacjoe_overflow_paths, uniq_ijyb, uniq_duvessa,
          uniq_pikel, uniq_blork_the_orc, uniq_grinder
D:5:      layout_basic, lemuel_coloured_pillars_altar,
          gammafunk_temple_overflow_wave, minmay_temple_entry_waves,
          serial_shops, nicolae_shop_back_alley_shop, nicolae_shop_stone,
          shop_coins, nicolae_shop_trees, nicolae_shop_gaudy_bauble,
          uniq_eustachio
D:6:      layout_basic, kennysheep_mini
D:7:      layout_basic, nicolae_zig_zag_zippers
D:8:      layout_loops_ring
D:9:      layout_rooms
D:10:     layout_roguey, david_lair_generic, serial_co_window_serial,
          co_window_corner_a, co_window_corner_a, co_window_paths_b,
          co_window_paths_a, co_window_corner_a, co_window_paths_b,
          co_window_paths_b, co_window_cross_3, co_window_2corner,
          co_window_of_opportunity_b, co_window_paths_c, co_window_paths_d,
          glass_columns_c, glass_columns_a, glass_columns_a, glass_columns_c,
          glass_columns_a, nicolae_looking_at_the_future
D:11:     layout_basic, minmay_orc_entry_guard_dogs, fiery_altar_vehumet
D:12:     layout_basic, kb_rosetta
D:13:     layout_small_grid
D:14:     layout_big_octagon, ximxim_vaults_locker_room, serial_shops, shop,
          chequers_serial_rivers_marsh
D:15:     hellmonk_depths_entry_around_the_bend, layout_loops_ring,
          corexii_leaking_fountain, dk_noncrumbling_4
Temple:   kb_temple_of_zot
Lair:1:   layout_roguey, serial_bayou_lagoon_b
Lair:2:   layout_roguey, minmay_shoals_entry_lonely_mermaid,
          dpeg_stationary_puzzle, lemuel_fruit_tree
Lair:3:   layout_roguey, nicolae_snake_entry_warm_welcome
Lair:4:   wander_river, layout_big_grid, minmay_slime_entry_oklob_enclosed,
          uniq_nessos
Lair:5:   grunt_lair_end_beastmaster, layout_cave_pods, gammafunk_ghost_hive
Snake:1:  layout_chambers
Snake:2:  layout_layer_cave, nicolae_snake_herptile_family_reunion
Snake:3:  layout_rooms, minmay_shop_star, serial_bayou_shore_b,
          grunt_megastairs_2, serial_bayou_shore_a, uniq_asterion, uniq_aizul
Orc:1:    layout_caves, ebering_ghost_reflecting_pool
Orc:2:    st_orc_rangers, layout_caves, serial_shops, shop

Notes
Turn   | Place    | Note
-------+----------+-------------------------------------------
     0 | D:1      | cforsyth the Djinni Hexslinger began the quest for the Orb.
     0 | D:1      | cforsyth set off with the following spells memorised:
                  | Jinxbite, Sigil of Binding, Inner Flame, Cause Fear,
                  | Dimensional Bullseye.
     0 | D:1      | Reached XP level 1. HP: 17/17 MP: 0/0
   176 | D:1      | Found a faded altar of an unknown god.
   233 | D:1      | Reached XP level 2. HP: 22/22 MP: 0/0
   716 | D:1      | Reached skill level 3 in Spellcasting
   716 | D:1      | Reached skill level 3 in Conjurations
   716 | D:1      | Reached skill level 3 in Hexes
   716 | D:1      | Reached skill level 3 in Summonings
   716 | D:1      | Reached skill level 3 in Necromancy
   716 | D:1      | Reached skill level 3 in Translocations
   716 | D:1      | Reached skill level 3 in Fire Magic
   716 | D:1      | Reached skill level 3 in Ice Magic
   716 | D:1      | Reached skill level 3 in Air Magic
   716 | D:1      | Reached skill level 3 in Earth Magic
   716 | D:1      | Reached skill level 3 in Alchemy
  1038 | D:2      | Reached skill level 2 in Fighting
  1038 | D:2      | Reached XP level 3. HP: 20/28 MP: 0/0
  1038 | D:2      | Learned a level 1 spell: Shock
  1157 | D:2      | Reached XP level 4. HP: 26/34 MP: 0/0
  1260 | D:2      | Reached skill level 3 in Fighting
  1817 | D:3      | Reached XP level 5. HP: 31/40 MP: 0/0
  1817 | D:3      | Learned a level 2 spell: Static Discharge
  2035 | D:3      | Reached skill level 4 in Spellcasting
  2035 | D:3      | Reached skill level 4 in Conjurations
  2035 | D:3      | Reached skill level 4 in Hexes
  2035 | D:3      | Reached skill level 4 in Summonings
  2035 | D:3      | Reached skill level 4 in Necromancy
  2035 | D:3      | Reached skill level 4 in Translocations
  2035 | D:3      | Reached skill level 4 in Fire Magic
  2035 | D:3      | Reached skill level 4 in Ice Magic
  2035 | D:3      | Reached skill level 4 in Air Magic
  2035 | D:3      | Reached skill level 4 in Earth Magic
  2035 | D:3      | Reached skill level 4 in Alchemy
  2035 | D:3      | Reached XP level 6. HP: 14/47 MP: 0/0
  2044 | D:3      | Reached skill level 4 in Fighting
  2925 | D:3      | Found a snail-covered altar of Cheibriados.
  3074 | D:4      | Noticed Duvessa
  3077 | D:4      | Noticed Dowan
  3084 | D:4      | Killed Duvessa
  3179 | D:4      | Killed Dowan
  3180 | D:4      | Reached XP level 7. HP: 45/53 MP: 0/0
  3180 | D:4      | Learned a level 3 spell: Frozen Ramparts
  3226 | D:4      | Noticed Pikel
  3233 | D:4      | Killed Pikel
  3234 | D:4      | Reached skill level 6 in Fighting
  3234 | D:4      | Reached skill level 5 in Spellcasting
  3234 | D:4      | Reached skill level 5 in Conjurations
  3234 | D:4      | Reached skill level 5 in Hexes
  3234 | D:4      | Reached skill level 5 in Summonings
  3234 | D:4      | Reached skill level 5 in Necromancy
  3234 | D:4      | Reached skill level 5 in Translocations
  3234 | D:4      | Reached skill level 5 in Fire Magic
  3234 | D:4      | Reached skill level 5 in Ice Magic
  3234 | D:4      | Reached skill level 5 in Air Magic
  3234 | D:4      | Reached skill level 5 in Earth Magic
  3234 | D:4      | Reached skill level 5 in Alchemy
  3234 | D:4      | Reached XP level 8. HP: 37/61 MP: 0/0
  3240 | D:4      | Noticed Blork the orc
  3243 | D:4      | Noticed Grinder
  3244 | D:4      | Killed Blork the orc
  3359 | D:4      | Killed Grinder
  3364 | D:4      | Noticed Ijyb
  3368 | D:4      | Killed Ijyb
  3624 | D:4      | Reached skill level 7 in Fighting
  3763 | D:4      | Reached skill level 6 in Spellcasting
  3763 | D:4      | Reached skill level 6 in Conjurations
  3763 | D:4      | Reached skill level 6 in Hexes
  3763 | D:4      | Reached skill level 6 in Summonings
  3763 | D:4      | Reached skill level 6 in Necromancy
  3763 | D:4      | Reached skill level 6 in Translocations
  3763 | D:4      | Reached skill level 6 in Fire Magic
  3763 | D:4      | Reached skill level 6 in Ice Magic
  3763 | D:4      | Reached skill level 6 in Air Magic
  3763 | D:4      | Reached skill level 6 in Earth Magic
  3763 | D:4      | Reached skill level 6 in Alchemy
  3844 | D:4      | Found a stormy altar of Qazlal.
  4037 | D:5      | Entered Level 5 of the Dungeon
  4060 | D:5      | Found Fuorghoz's General Store.
  4068 | D:5      | Bought a scroll of identify for 22 gold pieces
  4079 | D:5      | Noticed Eustachio
  4084 | D:5      | Killed Eustachio
  4085 | D:5      | Reached XP level 9. HP: 60/68 MP: 0/0
  4085 | D:5      | Learned a level 3 spell: Gell's Gravitas
  4124 | D:5      | Found Aqujauce's Weapon Boutique.
  4134 | D:5      | Found Atiguxt's Magic Scroll Emporium.
  4155 | D:5      | Bought a scroll of teleportation for 42 gold pieces
  4155 | D:5      | Bought a scroll of blinking for 105 gold pieces
  4155 | D:5      | Bought a scroll of identify for 28 gold pieces
  4155 | D:5      | Bought a scroll of identify for 28 gold pieces
  4196 | D:5      | Found Fecrus's Distillery.
  4223 | D:5      | Found a staircase to the Ecumenical Temple.
  4255 | Temple   | Entered the Ecumenical Temple
  4390 | D:5      | Reached skill level 8 in Fighting
  4556 | D:5      | Found a glowing golden altar of the Shining One.
  4611 | D:5      | Found a hazy altar of Hepliaklqana.
  4611 | D:5      | Found a burning altar of Makhleb.
  4653 | D:5      | Became a worshipper of the Shining One
  4896 | D:5      | Found Xaghunn's Jewellery Shop.
  5287 | D:6      | Reached skill level 7 in Spellcasting
  5287 | D:6      | Reached skill level 7 in Conjurations
  5287 | D:6      | Reached skill level 7 in Hexes
  5287 | D:6      | Reached skill level 7 in Summonings
  5287 | D:6      | Reached skill level 7 in Necromancy
  5287 | D:6      | Reached skill level 7 in Translocations
  5287 | D:6      | Reached skill level 7 in Fire Magic
  5287 | D:6      | Reached skill level 7 in Ice Magic
  5287 | D:6      | Reached skill level 7 in Air Magic
  5287 | D:6      | Reached skill level 7 in Earth Magic
  5287 | D:6      | Reached skill level 7 in Alchemy
  5419 | D:6      | Found a sacrificial altar of Ru.
  5903 | D:7      | Reached skill level 9 in Fighting
  6603 | D:7      | Reached XP level 10. HP: 46/78 MP: 0/0
  7571 | D:8      | Reached skill level 10 in Fighting
  7575 | D:8      | Reached skill level 8 in Spellcasting
  7575 | D:8      | Reached skill level 8 in Conjurations
  7575 | D:8      | Reached skill level 8 in Hexes
  7575 | D:8      | Reached skill level 8 in Summonings
  7575 | D:8      | Reached skill level 8 in Necromancy
  7575 | D:8      | Reached skill level 8 in Translocations
  7575 | D:8      | Reached skill level 8 in Fire Magic
  7575 | D:8      | Reached skill level 8 in Ice Magic
  7575 | D:8      | Reached skill level 8 in Air Magic
  7575 | D:8      | Reached skill level 8 in Earth Magic
  7575 | D:8      | Reached skill level 8 in Alchemy
  8050 | D:9      | Reached * piety under the Shining One
  8492 | D:9      | Identified a potion of resistance
  9017 | D:9      | Reached skill level 11 in Fighting
  9238 | D:9      | You are sucked into a shaft and drop 3 floors!
  9256 | D:12     | Noticed a brown ugly thing
  9258 | D:12     | Reached XP level 11. HP: 66/87 MP: 0/0
  9258 | D:12     | Learned a level 5 spell: Irradiate
  9258 | D:12     | Reached ** piety under the Shining One
  9263 | D:12     | Killed a brown ugly thing
  9264 | D:12     | Reached skill level 9 in Spellcasting
  9264 | D:12     | Reached skill level 9 in Conjurations
  9264 | D:12     | Reached skill level 9 in Hexes
  9264 | D:12     | Reached skill level 9 in Summonings
  9264 | D:12     | Reached skill level 9 in Necromancy
  9264 | D:12     | Reached skill level 9 in Translocations
  9264 | D:12     | Reached skill level 9 in Fire Magic
  9264 | D:12     | Reached skill level 9 in Ice Magic
  9264 | D:12     | Reached skill level 9 in Air Magic
  9264 | D:12     | Reached skill level 9 in Earth Magic
  9264 | D:12     | Reached skill level 9 in Alchemy
  9283 | D:12     | Noticed a cyclops
  9538 | D:11     | Reached skill level 12 in Fighting
  9889 | D:10     | Entered Level 10 of the Dungeon
 10537 | D:10     | Noticed an elephant
 10545 | D:10     | Killed an elephant
 11074 | D:10     | Reached skill level 10 in Spellcasting
 11074 | D:10     | Reached skill level 10 in Conjurations
 11074 | D:10     | Reached skill level 10 in Hexes
 11074 | D:10     | Reached skill level 10 in Summonings
 11074 | D:10     | Reached skill level 10 in Necromancy
 11074 | D:10     | Reached skill level 10 in Translocations
 11074 | D:10     | Reached skill level 10 in Fire Magic
 11074 | D:10     | Reached skill level 10 in Ice Magic
 11074 | D:10     | Reached skill level 10 in Air Magic
 11074 | D:10     | Reached skill level 10 in Earth Magic
 11074 | D:10     | Reached skill level 10 in Alchemy
 11154 | D:10     | Found a staircase to the Lair.
 11893 | D:11     | Found a staircase to the Orcish Mines.
 12105 | D:11     | Noticed a cyclops
 12111 | D:11     | Killed a cyclops
 12112 | D:11     | Reached skill level 13 in Fighting
 12438 | D:12     | Killed a cyclops
 12439 | D:12     | Reached XP level 12. HP: 79/98 MP: 0/0
 12451 | D:12     | Noticed a centaur warrior
 12453 | D:12     | HP: 9/98 [centaur warrior/arrow (8)]
 12453 | D:12     | HP: 3/98 [centaur warrior/arrow (6)]
 12471 | D:12     | Killed a centaur warrior
 12484 | D:12     | Noticed a two-headed ogre
 12488 | D:12     | Killed a two-headed ogre
 13016 | D:12     | Reached *** piety under the Shining One
 13236 | D:12     | Reached skill level 14 in Fighting
 13236 | D:12     | Reached skill level 11 in Spellcasting
 13236 | D:12     | Reached skill level 11 in Conjurations
 13236 | D:12     | Reached skill level 11 in Hexes
 13236 | D:12     | Reached skill level 11 in Summonings
 13236 | D:12     | Reached skill level 11 in Necromancy
 13236 | D:12     | Reached skill level 11 in Translocations
 13236 | D:12     | Reached skill level 11 in Fire Magic
 13236 | D:12     | Reached skill level 11 in Ice Magic
 13236 | D:12     | Reached skill level 11 in Air Magic
 13236 | D:12     | Reached skill level 11 in Earth Magic
 13236 | D:12     | Reached skill level 11 in Alchemy
 13483 | Lair:1   | Entered Level 1 of the Lair of Beasts
 14898 | Lair:1   | HP: 10/101 [spore (4)]
 15192 | Lair:2   | Reached XP level 13. HP: 84/106 MP: 0/0
 15192 | Lair:2   | Learned a level 5 spell: Curse of Agony
 15306 | Lair:2   | Reached skill level 15 in Fighting
 15528 | Lair:2   | Reached skill level 12 in Spellcasting
 15528 | Lair:2   | Reached skill level 12 in Conjurations
 15528 | Lair:2   | Reached skill level 12 in Hexes
 15528 | Lair:2   | Reached skill level 12 in Summonings
 15528 | Lair:2   | Reached skill level 12 in Necromancy
 15528 | Lair:2   | Reached skill level 12 in Translocations
 15528 | Lair:2   | Reached skill level 12 in Fire Magic
 15528 | Lair:2   | Reached skill level 12 in Ice Magic
 15528 | Lair:2   | Reached skill level 12 in Air Magic
 15528 | Lair:2   | Reached skill level 12 in Earth Magic
 15528 | Lair:2   | Reached skill level 12 in Alchemy
 15833 | Lair:2   | Found a staircase to the Shoals.
 16513 | Lair:3   | Reached **** piety under the Shining One
 16597 | Lair:3   | Reached skill level 16 in Fighting
 17114 | Lair:3   | Found a staircase to the Snake Pit.
 17339 | Lair:4   | Noticed a seven-headed hydra
 17357 | Lair:4   | Killed a seven-headed hydra
 17593 | Lair:4   | Reached XP level 14. HP: 99/117 MP: 0/0
 17940 | Lair:4   | Noticed Nessos
 18499 | Lair:4   | Killed Nessos
 18500 | Lair:4   | Reached skill level 13 in Spellcasting
 18500 | Lair:4   | Reached skill level 13 in Conjurations
 18500 | Lair:4   | Reached skill level 13 in Hexes
 18500 | Lair:4   | Reached skill level 13 in Summonings
 18500 | Lair:4   | Reached skill level 13 in Necromancy
 18500 | Lair:4   | Reached skill level 13 in Translocations
 18500 | Lair:4   | Reached skill level 13 in Fire Magic
 18500 | Lair:4   | Reached skill level 13 in Ice Magic
 18500 | Lair:4   | Reached skill level 13 in Air Magic
 18500 | Lair:4   | Reached skill level 13 in Earth Magic
 18500 | Lair:4   | Reached skill level 13 in Alchemy
 18737 | Lair:4   | Found a viscous altar of Jiyva.
 18739 | Lair:4   | Found a staircase to the Slime Pits.
 19057 | Lair:5   | Entered Level 5 of the Lair of Beasts
 19392 | Lair:5   | Reached skill level 17 in Fighting
 19392 | Lair:5   | Found a transporter.
 19392 | Lair:5   | Found a transporter.
 19555 | Lair:5   | Noticed yleetSyT's ghost (journeyman BaIE)
 19722 | Lair:5   | Identified the +5 orcbow "Akavew" {freeze, rPois Int+3}
 19790 | Lair:5   | Identified the +4 pair of gloves of the Snake Pit {Slay+3}
 21038 | Orc:1    | Entered Level 1 of the Orcish Mines
 21105 | Orc:1    | Paralysed by an orc sorcerer for 2 turns
 21315 | Orc:1    | Reached ***** piety under the Shining One
 22153 | Orc:1    | Found a runed translucent door.
 22158 | Orc:1    | Noticed Biggs's ghost (journeyman TrFi)
 22274 | Orc:1    | Killed Biggs's ghost
 22417 | Orc:1    | Identified the ring "Istrez" {rC++ rCorr Int+4 Dex-2}
 22485 | Orc:2    | Entered Level 2 of the Orcish Mines
 22677 | Orc:2    | Reached skill level 14 in Spellcasting
 22677 | Orc:2    | Reached skill level 14 in Conjurations
 22677 | Orc:2    | Reached skill level 14 in Hexes
 22677 | Orc:2    | Reached skill level 14 in Summonings
 22677 | Orc:2    | Reached skill level 14 in Necromancy
 22677 | Orc:2    | Reached skill level 14 in Translocations
 22677 | Orc:2    | Reached skill level 14 in Fire Magic
 22677 | Orc:2    | Reached skill level 14 in Ice Magic
 22677 | Orc:2    | Reached skill level 14 in Air Magic
 22677 | Orc:2    | Reached skill level 14 in Earth Magic
 22677 | Orc:2    | Reached skill level 14 in Alchemy
 22677 | Orc:2    | Reached XP level 15. HP: 109/126 MP: 0/0
 22677 | Orc:2    | Learned a level 6 spell: Sculpt Simulacrum
 22683 | Orc:2    | Reached skill level 18 in Fighting
 22973 | Orc:2    | Found Aruolyhu's Weapon Boutique.
 22974 | Orc:2    | Found Vican's Antique Armour Shoppe.
 22974 | Orc:2    | Found Qalit's Jewellery Shop.
 23061 | Orc:2    | Found Wibryts's Distillery.
 23110 | Orc:2    | Found a staircase to the Elven Halls.
 23507 | Orc:2    | Found Nyothu's Magic Scroll Shoppe.
 24532 | D:14     | Found Adgholamn's Armour Shoppe.
 24947 | D:14     | Reached skill level 19 in Fighting
 25072 | D:14     | Found a gate to the Vaults.
 25171 | D:15     | Entered Level 15 of the Dungeon
 25677 | D:15     | Reached skill level 15 in Spellcasting
 25677 | D:15     | Reached skill level 15 in Conjurations
 25677 | D:15     | Reached skill level 15 in Hexes
 25677 | D:15     | Reached skill level 15 in Summonings
 25677 | D:15     | Reached skill level 15 in Necromancy
 25677 | D:15     | Reached skill level 15 in Translocations
 25677 | D:15     | Reached skill level 15 in Fire Magic
 25677 | D:15     | Reached skill level 15 in Ice Magic
 25677 | D:15     | Reached skill level 15 in Air Magic
 25677 | D:15     | Reached skill level 15 in Earth Magic
 25677 | D:15     | Reached skill level 15 in Alchemy
 25765 | D:15     | Found a staircase to the Depths.
 25910 | D:15     | Reached XP level 16. HP: 122/135 MP: 0/0
 26713 | Snake:1  | Entered Level 1 of the Snake Pit
 27842 | Snake:1  | Reached ****** piety under the Shining One
 28399 | Snake:2  | Reached skill level 20 in Fighting
 28489 | Snake:2  | Noticed a nagaraja
 28498 | Snake:2  | Killed a nagaraja
 28867 | Snake:2  | Noticed a nagaraja
 28875 | Snake:2  | Killed a nagaraja
 28949 | Snake:2  | Identified the +0 pair of gloves of Honesty {Stlth+}
 29416 | Snake:2  | Reached skill level 16 in Spellcasting
 29416 | Snake:2  | Reached skill level 16 in Conjurations
 29416 | Snake:2  | Reached skill level 16 in Hexes
 29416 | Snake:2  | Reached skill level 16 in Summonings
 29416 | Snake:2  | Reached skill level 16 in Necromancy
 29416 | Snake:2  | Reached skill level 16 in Translocations
 29416 | Snake:2  | Reached skill level 16 in Fire Magic
 29416 | Snake:2  | Reached skill level 16 in Ice Magic
 29416 | Snake:2  | Reached skill level 16 in Air Magic
 29416 | Snake:2  | Reached skill level 16 in Earth Magic
 29416 | Snake:2  | Reached skill level 16 in Alchemy
 30299 | Snake:3  | Reached XP level 17. HP: 89/145 MP: 0/0
 30299 | Snake:3  | Learned a level 7 spell: Orb of Destruction
 30594 | Snake:3  | Noticed Asterion
 30612 | Snake:3  | HP: 14/145 [+1 spectral morningstar[Asterion] (23)]
 30612 | Snake:3  | Demolished by Asterion

Vanquished Creatures
  2 nagarajas (Snake:2)
  The ghost of Biggs the Brawler, a journeyman TrFi of Wu Jian (Orc:1)
  Nessos (Lair:4)
  6 vault guards (D:14)
  2 ogre magi (D:15)
  3 boulder beetles
  5 hydras
  2 alligators (Snake:2)
  An alligator snapping turtle (Snake:2)
  A catoblepas (Lair:5)
  4 anacondas
  6 centaur warriors
  8 two-headed ogres
  A deep troll shaman (Lair:5)
  3 death yaks (Lair:5)
  2 naga warriors
  2 tengu warriors (D:14)
  A deep troll earth mage (D:15)
  2 shock serpents (Snake:2)
  4 naga sharpshooters
  3 skysharks
  2 goliath frogs (Snake:2)
  3 sea snakes (Snake:2)
  A flayed ghost (D:15)
  2 naga ritualists
  5 mana vipers
  A lindwurm (Lair:5)
  An arcanist (D:13)
  6 orc knights
  A harpy (shapeshifter) (D:14)
  8 ugly things
  Pikel (D:4)
  A wolf spider (D:15)
  An oklob plant (Lair:4)
  2 deep elf pyromancers
  4 manticores
  2 orc sorcerers
  3 kobold blastminers (Orc:2)
  3 cyclopes
  2 salamanders
  A merfolk siren (Lair:2)
  A guardian serpent (Snake:1)
  19 elephants
  20 black mambas
  4 naga magi
  4 cane toads
  4 gargoyles
  A torpor snail (Lair:3)
  A kobold demonologist (D:11)
  A freezing wraith (D:14)
  2 efreet (D:14)
  An unseen horror (D:13)
  7 komodo dragons
  5 polar bears
  A queen bee (D:10)
  5 trolls
  Grinder (D:4)
  16 blink frogs
  A raiju (shapeshifter) (D:12)
  5 snapping turtles (Snake:2)
  14 slime creatures
  A centaur simulacrum (D:12)
  2 wraiths
  3 wyverns
  A shadow (D:9)
  45 yaks
  A vampire (D:12)
  6 humans (D:14)
  2 wargs
  9 basilisks
  Eustachio (D:5)
  2 steam dragons
  4 vampire mosquitoes (D:12)
  15 nagas
  9 water moccasins
  3 acid dragons
  31 orc warriors
  3 black bears
  Duvessa (D:4)
  2 sky beasts
  5 ogres
  14 centaurs
  5 wolves
  A phantom (D:5)
  6 kobold brigands
  Blork the orc (D:4)
  9 bullfrogs
  A gnoll sergeant (D:7)
  2 scorpions (D:5)
  8 wights
  Dowan (D:4)
  9 killer bees (D:10)
  4 electric eels
  6 howler monkeys
  2 bombardier beetles
  3 lava snakes (Lair:3)
  3 hounds
  3 jellies
  8 orc priests
  3 gnoll boudas
  2 sleepcaps
  Ijyb (D:4)
  An iguana (D:5)
  15 orc wizards
  7 adders
  21 gnolls
  2 ufetubi (D:6)
  2 adder zombies (D:2)
  An adder skeleton (D:2)
  59 orcs
  2 bat zombies (D:2)
  8 endoplasms
  3 giant cockroaches
  3 goblins
  5 hobgoblins
  6 jackals
  2 quokkas
  7 ball pythons
  A ball python skeleton (D:2)
  A ball python zombie (D:2)
  8 bats
  3 frilled lizards
  A jackal zombie (D:2)
  29 kobolds
  6 rats
654 creatures vanquished.

Vanquished Creatures (others)
  A kobold (D:11)
1 creature vanquished.

Grand Total: 655 creatures vanquished

Table legend: (Time is in decaauts)
 A = Elapsed time spent in this place.
 B = Non-inter-level travel time spent in this place.
 C = Inter-level travel time spent in this place.
 D = Time resting spent in this place.
 E = Time spent auto-exploring this place.
 F = Levels seen in this place.
 G = Mean time per level.
                   A        B        C        D        E       F      G
               +--------+--------+--------+--------+--------+-----+--------+
         Total |  30694 |  29370 |   1324 |   6182 |  18610 |  26 | 1180.5 |
       Dungeon |  16825 |  16136 |    689 |   3339 |  10629 |  15 | 1121.7 |
        Temple |     41 |     21 |     20 |      0 |      0 |   1 |   41.0 |
          Lair |   7636 |   7316 |    320 |   1873 |   4180 |   5 | 1527.2 |
     Snake Pit |   3745 |   3631 |    114 |    487 |   2537 |   3 | 1248.3 |
  Orcish Mines |   2444 |   2265 |    179 |    483 |   1264 |   2 | 1222.0 |
               +--------+--------+--------+--------+--------+-----+--------+

Top non-repeatable levels by time:
 Snake:2: 2201 daAuts
  Lair:3: 1792 daAuts
  Lair:5: 1782 daAuts
   Orc:1: 1732 daAuts
     D:8: 1713 daAuts
    D:10: 1674 daAuts
     D:3: 1560 daAuts
  Lair:1: 1503 daAuts
    D:11: 1446 daAuts
  Lair:2: 1389 daAuts
    D:15: 1363 daAuts
 Snake:1: 1319 daAuts
     D:7: 1281 daAuts
    D:12: 1207 daAuts
  Lair:4: 1169 daAuts

Table legend:
 A = Non-vault XP
 B = Vault XP
 C = Vault XP percentage of total XP
 D = Non-vault monster count
 E = Vault monster count
 F = Vault count percentage of total count
                 A         B        C        D         E       F
            +---------+---------+-------+---------+---------+-------
      Total |  106454 |   49502 |  31.7 |     496 |     158 |  24.2
            +---------+---------+-------+---------+---------+-------
        D:1 |      16 |       6 |  27.3 |      11 |       4 |  26.7
        D:2 |      83 |      24 |  22.4 |      13 |       8 |  38.1
        D:3 |     206 |      49 |  19.2 |      24 |      14 |  36.8
        D:4 |     283 |    1187 |  80.7 |      13 |       6 |  31.6
        D:5 |     814 |     185 |  18.5 |      16 |       1 |   5.9
        D:6 |     238 |       0 |   0.0 |      15 |       0 |   0.0
        D:7 |     944 |       0 |   0.0 |      21 |       0 |   0.0
        D:8 |    1205 |       0 |   0.0 |      17 |       0 |   0.0
        D:9 |    1903 |       0 |   0.0 |      26 |       0 |   0.0
       D:10 |    1737 |    1921 |  52.5 |      10 |      14 |  58.3
       D:11 |    2075 |     434 |  17.3 |      17 |       3 |  15.0
       D:12 |    5644 |    1908 |  25.3 |      24 |       4 |  14.3
       D:13 |    6917 |       0 |   0.0 |      18 |       0 |   0.0
       D:14 |    6493 |    6451 |  49.8 |      11 |      12 |  52.2
       D:15 |   14284 |    3661 |  20.4 |      27 |       5 |  15.6
     Lair:1 |    4220 |       0 |   0.0 |      21 |       0 |   0.0
     Lair:2 |    9540 |     591 |   5.8 |      38 |       3 |   7.3
     Lair:3 |    9112 |     638 |   6.5 |      27 |       4 |  12.9
     Lair:4 |    6021 |    1566 |  20.6 |      16 |       2 |  11.1
     Lair:5 |    7240 |    7393 |  50.5 |      20 |      14 |  41.2
    Snake:1 |    8443 |       0 |   0.0 |      19 |       0 |   0.0
    Snake:2 |   10880 |   13692 |  55.7 |      20 |      22 |  52.4
    Snake:3 |    2750 |    1554 |  36.1 |       6 |       4 |  40.0
      Orc:1 |    3063 |    1104 |  26.5 |      46 |       2 |   4.2
      Orc:2 |    2343 |    7138 |  75.3 |      20 |      36 |  64.3
            +---------+---------+-------+---------+---------+-------
